 Dungeon Crawl Stone Soup version 0.20-a0-681-gf83e07f (webtiles) character file.

312384 graki42 the Sorcerer (level 20, -4/101 HPs)
             Began as a Deep Elf Fire Elementalist on Feb 18, 2017.
             Was the Champion of Vehumet.
             Slain by a vault warden
             ... wielding a +1 glaive of chopping
              (10 damage)
             ... on level 1 of the Vaults on Feb 19, 2017.
             The game lasted 05:34:01 (52532 turns).

graki42 the Sorcerer (Deep Elf Fire Elementalist)  Turns: 52532, Time: 05:34:02

Health: -4/101     AC: 15    Str:  8    XL:     20   Next: 44%
Magic:  16/50      EV: 16    Int: 27    God:    Vehumet [******]
Gold:   1205       SH:  4    Dex: 15    Spells: 20/68 levels left

rFire    + + .     SeeInvis +   O - staff of conjuration
rCold    + . .     Gourm    .   t - +3 leather armour of Plasticity {rF+ rC++}
rNeg     . . .     Faith    .   (no shield)
rPois    +         Spirit   .   C - +2 hat
rElec    +         Reflect  .   p - +2 cloak {+Inv}
rCorr    .         Harm     .   l - +2 pair of gloves
MR       ++...                  w - +0 pair of boots {Stlth+}
Stlth    ++++......             F - amulet of magic regeneration
Regen    0.3/turn               M - ring of Zyfu Tawk {rElec rPois SInv}
MPRegen  0.5/turn               a - ring "Toch" {Fire rElec}

@: no status effects
A: talons 1, large bone plates 1
}: 2/15 runes: serpentine, barnacled
a: Renounce Religion, Evoke Invisibility


You were on level 1 of the Vaults.
You worshipped Vehumet.
Vehumet was exalted by your worship.
You were hungry.

You visited 8 branches of the dungeon, and saw 35 of its levels.
You also visited: Labyrinth, Sewer and Bailey.

You collected 3312 gold pieces.
You spent 2107 gold pieces at shops.

Inventory:

Hand Weapons
 I - the +5 long sword of Hoet {holy, MR++}
   (You took it off a deep elf sorcerer on level 3 of the Elven Halls)

   It has been blessed by the Shining One to cause great damage to the undead
   and demons.
   It affects your resistance to hostile enchantments.
Missiles
 E - 8 throwing nets (quivered)
Armour
 g - a cursed -2 robe
 i - a +1 buckler of reflection
 l - a +2 pair of gloves (worn)
 p - a +2 cloak of invisibility (worn)
 t - the +3 leather armour of Plasticity (worn) {rF+ rC++}
   (You found it on level 11 of the Dungeon)

   It protects you from fire.
   It greatly protects you from cold.
 w - a +0 pair of boots of stealth (worn)
 C - a +2 hat (worn)
 P - a +2 cloak of magic resistance
Magical Staves
 O - an uncursed staff of conjuration (weapon)
Jewellery
 a - the ring "Toch" (left hand) {Fire rElec}
   (You acquired it on level 1 of the Lair of Beasts)

   [ring of fire]

   It enhances your fire magic.
   It protects you from fire.
   It makes you vulnerable to cold.
   It insulates you from electricity.
 e - an uncursed ring of magical power {unknown}
 x - the ring of Nofap {rPois rC+ Dex+4}
   (You took it off a deep elf mage on level 3 of the Elven Halls)

   [ring of protection from cold]

   It affects your dexterity (+4).
   It protects you from cold.
   It protects you from poison.
 F - an amulet of magic regeneration (around neck)
 M - the ring of Zyfu Tawk (right hand) {rElec rPois SInv}
   (You bought it in a shop on level 3 of the Shoals)

   [ring of see invisible]

   It insulates you from electricity.
   It protects you from poison.
   It lets you see invisible.
 R - an uncursed ring of flight
Wands
 f - a wand of digging (12/24)
Scrolls
 j - 4 scrolls of magic mapping
 m - 8 scrolls of teleportation
 n - 12 scrolls of remove curse
 D - a scroll of blinking
 G - a scroll of fog
 L - 18 scrolls of identify
 U - a scroll of silence
Potions
 d - 11 potions of curing
 k - 3 potions of flight
 r - 2 potions of magic
 u - 6 potions of cancellation
 z - 2 potions of haste
 A - a potion of might
 B - a potion of invisibility
Books
 o - a book of Enchantments

   Spells                             Type                      Level
   a - Cause Fear                     Hexes                        4
   b - Yara's Violent Unravelling     Hexes/Transmutation          5
   c - Silence                        Hexes/Air                    5
   d - Deflect Missiles               Charms/Air                   6
   e - Discord                        Hexes                        8
Comestibles
 b - 2 royal jellies
 c - 20 bread rations
 h - 11 fruits


   Skills:
 + Level 3.0 Fighting
   Level 1.0(2.1) Short Blades
 + Level 2.6(2.7) Long Blades
 - Level 4.0 Throwing
 + Level 3.2 Armour
 + Level 7.4 Dodging
 - Level 5.0 Stealth
 + Level 0.1 Unarmed Combat
 + Level 24.6 Spellcasting
 + Level 18.9 Conjurations
 + Level 4.2 Hexes
 + Level 3.3 Charms
 + Level 18.5 Fire Magic
 * Level 15.8 Earth Magic
 - Level 5.1 Evocations


You had 20 spell levels left.
You knew the following spells:

 Your Spells              Type           Power        Failure   Level  Hunger
a - Flame Tongue          Conj/Fire      #####        0%          1    None
b - Conjure Flame         Conj/Fire      ########     0%          3    None
c - Inner Flame           Hex/Fire       #######.     1%          3    None
d - Sticky Flame          Conj/Fire      ########     0%          4    None
e - Fireball              Conj/Fire      ########..   1%          5    None
f - Iron Shot             Conj/Erth      ########..   1%          6    None
g - Iskenderun's Battles  Conj/Chrm      #######.     1%          5    None
h - Bolt of Fire          Conj/Fire      ########..   1%          6    None
i - Ignition              Fire           ########..   1%          8    ####...
j - Orb of Destruction    Conj           ########..   1%          7    ##.....


Dungeon Overview and Level Annotations

Branches:
Dungeon (14/15)            Temple (1/1) D:5            Lair (6/6) D:9
 Shoals (4/4) Lair:2        Snake (4/4) Lair:4        Slime (0/5) Lair:5
    Orc (2/2) D:12            Elf (3/3) Orc:2        Vaults (1/5) D:13

Altars:
Ashenzari
Cheibriados
Dithmenos
Elyvilon
Fedhas
Gozag
Hepliaklqana
Kikubaaqudgha
Makhleb
Nemelex Xobeh
Okawaru
Qazlal
Ru
Sif Muna
Trog
Uskayaw
Vehumet
Xom
Yredelemnul
Zin
The Shining One
Beogh

Shops:
D:6 (*?   D:11 }   Orc:1 (   Orc:2 }?::   Elf:2 :   Shoals:3 =

Portals:
Trove: D:13 (give +5 demon whip)

Annotations:
Snake:3 Vashnia


Innate Abilities, Weirdness & Mutations

You have sharp toenails.
You are partially covered in large bone plates. (SH +4)


Message History

Casting: Iron Shot
Confirm with . or Enter, or press ? or * to list all spells.
Aiming: Iron Shot
Press: ? - help, Shift-Dir - straight line, f/p - flayed ghost
Aim: a flayed ghost (almost destroyed)
You feel a surge of power!
The iron shot hits the flayed ghost.
You destroy the flayed ghost!
Vehumet accepts your kill.
You feel your power returning.
The terrible wounds on your body vanish.
The vault warden hits you from afar with a glaive of chopping!!
Casting: Iron Shot
Confirm with . or Enter, or press ? or * to list all spells.
Aiming: Iron Shot
Press: ? - help, Shift-Dir - straight line, f - vault warden
Aim: a vault warden, wielding a glaive of chopping and wearing a plate armour You feel a surge of power!
The iron shot misses the vault warden.
The vault warden hits you from afar with a glaive of chopping!!
* * * LOW HITPOINT WARNING * * *
You die...

###################
#..................
#..................
#..########'######
#..# #..# #..# #@.#
#..# #)##p# #..#
$)# $$ #..# #$$ $#
#..# #'# + #..# ..#
#..##.. #..### #..#


You could see a vault warden.

Vanquished Creatures
  2 deep elf blademasters
  2 deep elf master archers (Elf:3)
  A kraken (Shoals:3)
  Donald (Shoals:2)
  9 nagarajas
  Ilsuiw (Shoals:4)
  7 deep elf sorcerers (Elf:3)
  4 vault wardens (Vaults:1)
  Aizul (Snake:3)
  An orc warlord (Orc:1)
  A deep elf elementalist (Elf:3)
  6 deep elf demonologists
  6 deep elf annihilators
  A dire elephant (Lair:6)
  5 merfolk javelineers
  7 deep elf death magi
  5 merfolk impalers
  2 fire dragons
  4 deep elf high priests (Elf:3)
  A minotaur (Lab)
  An ogre mage (Vaults:1)
  3 vault guards (Vaults:1)
  5 yaktaur captains (Vaults:1)
  8 naga warriors
  6 hydras
  A catoblepas (D:13)
  4 merfolk avatars (Shoals:4)
  2 centaur warriors (Vaults:1)
  8 anacondas
  An alligator snapping turtle (Shoals:3)
  6 death yaks
  11 two-headed ogres
  34 dancing weapons
  6 merfolk aquamancers
  3 satyrs
  2 tengu warriors (D:14)
  The ghost of tsouns the Poker, a novice OpFi of Gozag (D:8)
  4 orc high priests
  26 deep elf knights
  17 naga sharpshooters
  7 shock serpents
  A small abomination (Elf:3)
  A large abomination (Elf:3)
  17 sea snakes
  An unseen horror (Vaults:1)
  A swamp dragon (Lair:6)
  2 salamander mystics
  6 naga ritualists
  A flayed ghost (Vaults:1)
  14 deep elf archers
  The ghost of simples the Chopper, a novice MiBe of Trog (D:5)
  An ironbrand convoker (Vaults:1)
  10 mana vipers
  A harpy (Shoals:4)
  19 fauns
  6 orc sorcerers
  8 orc knights
  9 salamanders
  6 ugly things
  78 deep elf magi
  3 wolf spiders
  7 cyclopes
  8 manticores
  17 elephants
  Joseph (D:8)
  A centaur zombie (D:13)
  18 merfolk sirens
  2 guardian serpents
  Maurice (D:13)
  3 vault sentinels (Vaults:1)
  12 naga magi
  32 black mambas
  5 water nymphs
  A guardian serpent (shapeshifter) (Elf:2)
  A gargoyle (D:10)
  13 spiny frogs
  10 komodo dragons
  24 yaktaurs (Vaults:1)
  A rime drake (shapeshifter) (D:14)
  10 rime drakes
  A freezing wraith (Vaults:1)
  11 polar bears
  6 trolls
  11 wind drakes
  8 blink frogs
  2 hornets
  24 merfolk
  A raiju (shapeshifter) (Elf:2)
  23 slime creatures
  A blink frog (shapeshifter) (Vaults:1)
  9 dream sheep
  A meliai zombie (D:12)
  2 minotaur skeletons (Lab)
  10 hippogriffs
  7 snapping turtles
  An air elemental (Elf:1)
  A vampire (D:8)
  A spriggan (D:7)
  Eustachio (D:4)
  61 yaks
  A wyvern (Lair:5)
  A golden eye (shapeshifter) (Vaults:1)
  14 water elementals
  3 fire elementals
  Grum (D:11)
  2 steam dragons (Lair:6)
  6 basilisks
  10 wargs
  3 acid dragons
  52 nagas
  15 hell hounds (Lair:6)
  9 porcupines
  29 water moccasins
  Purgy (Sewer)
  12 black bears
  2 eyes of draining (D:12)
  36 orc warriors
  7 sky beasts
  A black bear (shapeshifter) (Elf:3)
  4 phantoms
  A necrophage (D:7)
  7 boggarts (Vaults:1)
  3 ice beasts
  11 ogres
  12 centaurs
  43 wolves
  11 crocodiles
  The ghost of skk the Ruffian, an amateur VSMo (D:3)
  3 big kobolds
  14 bullfrogs
  7 earth elementals
  5 scorpions
  24 killer bees
  11 wights
  5 howler monkeys
  3 electric eels
  6 lava snakes (Snake:2)
  8 crimson imps
  3 quasits
  2 bullfrog zombies
  4 jellies
  26 orc priests
  3 bullfrog skeletons
  5 hounds
  41 orc wizards
  2 gnoll shamans
  3 centaur skeletons
  2 iguanas (Lair:6)
  5 hell rats (Lair:3)
  10 worker ants
  Robin (D:2)
  4 worker ant zombies
  16 adders
  40 gnolls
  A river rat (D:4)
  3 shadow imps
  An ooze (D:1)
  An adder zombie (D:8)
  An adder skeleton (D:8)
  7 worms
  4 dart slugs
  6 leopard geckos
  104 orcs
  9 ball pythons
  3 giant cockroaches
  9 hobgoblins
  19 jackals
  7 quokkas
  4 bats
  8 frilled lizards
  18 goblins
  23 kobolds
  A leopard gecko skeleton (D:3)
  A quokka skeleton (D:4)
  9 rats
  6 fungi
  14 plants
  A tentacle (Shoals:3)
1569 creatures vanquished.

Vanquished Creatures (collateral kills)
  An orc (Orc:1)
1 creature vanquished.

Vanquished Creatures (others)
  13 fungi
  32 plants
  3 tentacles (Shoals:3)
48 creatures vanquished.

Grand Total: 1618 creatures vanquished

Notes
Turn   | Place    | Note
-------+----------+-------------------------------------------
     0 | D:1      | graki42 the Deep Elf Fire Elementalist began the quest for the Orb.
     0 | D:1      | Reached XP level 1. HP: 10/10 MP: 6/6
   350 | D:1      | Reached XP level 2. HP: 15/15 MP: 4/8
   753 | D:2      | Noticed Robin
   783 | D:1      | Reached XP level 3. HP: 19/19 MP: 6/10
   791 | D:1      | Learned a level 3 spell: Conjure Flame
   795 | D:1      | Learned a level 3 spell: Inner Flame
  1117 | D:3      | Noticed skk's ghost (amateur VSMo)
  1350 | D:3      | Found an ancient bone altar of Kikubaaqudgha.
  1416 | D:3      | Reached skill level 4 in Spellcasting
  1416 | D:3      | Reached XP level 4. HP: 10/24 MP: 8/12
  1773 | D:2      | Killed Robin
  1991 | D:3      | Noticed a sky beast
  1991 | D:3      | Killed skk's ghost
  1991 | D:3      | Reached skill level 1 in Throwing
  1991 | D:3      | Reached XP level 5. HP: 28/28 MP: 5/13
  2012 | D:2      | Killed a sky beast
  2012 | D:2      | Reached skill level 1 in Fighting
  2016 | D:2      | Gained mutation: Scrolls take you a little longer to read. [mutagenic meat]
  2017 | D:2      | Gained mutation: You are partially covered in large bone plates. (SH +4) [mutagenic meat]
  2105 | D:2      | Learned a level 4 spell: Sticky Flame
  2224 | D:3      | Reached XP level 6. HP: 31/34 MP: 13/15
  2276 | D:3      | Found a shadowy altar of Dithmenos.
  2480 | D:3      | Noticed an ice beast
  2491 | D:3      | Killed an ice beast
  2491 | D:3      | Reached skill level 5 in Spellcasting
  2984 | D:4      | Found a glowing drain.
  3001 | Sewer    | Entered a sewer
  3110 | Sewer    | Noticed Purgy
  3120 | Sewer    | Killed Purgy
  3120 | Sewer    | Reached skill level 1 in Hexes
  3120 | Sewer    | Reached XP level 7. HP: 30/38 MP: 13/17
  3545 | D:4      | Found a glowing silver altar of Zin.
  3570 | D:4      | Found a hide-covered altar of Uskayaw.
  3601 | D:4      | Noticed a dagger
  3602 | D:4      | Noticed a hand axe
  3627 | D:4      | Noticed Eustachio
  3636 | D:4      | Killed Eustachio
  3636 | D:4      | Reached skill level 6 in Spellcasting
  3636 | D:4      | Reached skill level 5 in Fire Magic
  3741 | D:4      | Found a basalt altar of Yredelemnul.
  3745 | D:4      | Found a stormy altar of Qazlal.
  3781 | D:5      | Entered Level 5 of the Dungeon
  3902 | D:5      | Noticed simples's ghost (novice MiBe)
  4054 | D:5      | Found a staircase to the Ecumenical Temple.
  4059 | D:5      | Reached XP level 8. HP: 13/43 MP: 6/20
  4068 | Temple   | Entered the Ecumenical Temple
  4069 | Temple   | Gained mutation: Your magical capacity is low. (-10% MP) [mutagenic meat]
  4070 | Temple   | Lost mutation: Scrolls take you a little longer to read. [mutagenic meat]
  4071 | Temple   | Lost mutation: Your magical capacity is low. (-10% MP) [mutagenic meat]
  4131 | Temple   | Became a worshipper of Vehumet
  4190 | D:5      | Reached skill level 7 in Spellcasting
  4927 | D:5      | Killed simples's ghost
  4927 | D:5      | Reached skill level 8 in Spellcasting
  4927 | D:5      | Reached skill level 5 in Conjurations
  5249 | D:5      | Found a blossoming altar of Fedhas.
  5303 | D:5      | Learned a level 5 spell: Fireball
  5422 | D:5      | Reached * piety under Vehumet
  5422 | D:5      | Offered knowledge of Shock by Vehumet.
  5606 | D:5      | Reached skill level 1 in Short Blades
  5785 | D:5      | Reached XP level 9. HP: 48/48 MP: 21/23
  5808 | D:5      | Reached ** piety under Vehumet
  5906 | D:5      | Offered knowledge of Sandblast by Vehumet.
  6289 | D:5      | Found a bloodstained altar of Trog.
  6302 | D:5      | Reached skill level 9 in Spellcasting
  6328 | D:5      | Found a glowing golden altar of the Shining One.
  6429 | D:6      | Found Meacoc's Assorted Antiques.
  6631 | D:6      | Bought a scroll labeled DILUICADEH for 24 gold pieces
  6631 | D:6      | Bought a white potion for 21 gold pieces
  6631 | D:6      | Bought a ruby potion for 21 gold pieces
  6631 | D:6      | Bought a scroll labeled WEASSO TOVANGI for 24 gold pieces
  6705 | D:6      | Offered knowledge of Mephitic Cloud by Vehumet.
  6741 | D:6      | Found a deep blue altar of Sif Muna.
  6979 | D:6      | Found Viquamu's Magic Scroll Boutique.
  7018 | D:6      | Found Ozutedey's Antique Weapon Shoppe.
  7022 | D:6      | Reached skill level 10 in Spellcasting
  7023 | D:6      | Reached *** piety under Vehumet
  7032 | D:6      | Bought a crystal falchion for 184 gold pieces
  7032 | D:6      | Identified the +6 falchion of Bahempoe {holy, rElec MR+ Str+5} (You bought it in a shop on level 6 of the Dungeon)
  7453 | D:7      | Offered knowledge of Throw Icicle by Vehumet.
  7592 | D:7      | Reached XP level 10. HP: 30/53 MP: 14/26
  7991 | D:8      | Noticed a two-headed ogre
  8231 | D:8      | Reached **** piety under Vehumet
  8368 | D:8      | Noticed tsouns's ghost (novice OpFi)
  8375 | D:8      | Killed tsouns's ghost
  8375 | D:8      | Reached skill level 1 in Long Blades
  8375 | D:8      | Reached skill level 11 in Spellcasting
  8604 | D:8      | Killed a two-headed ogre
  8604 | D:8      | Offered knowledge of Olgreb's Toxic Radiance by Vehumet.
  8607 | D:8      | Noticed a two-headed ogre
  8621 | D:8      | Killed a two-headed ogre
  8727 | D:8      | Reached skill level 12 in Spellcasting
  8769 | D:8      | Found an opulent altar of Gozag.
  8969 | D:8      | Reached skill level 5 in Dodging
  9106 | D:8      | Found a sacrificial altar of Ru.
  9146 | D:8      | Noticed a cyan ugly thing
  9157 | D:8      | Killed a cyan ugly thing
  9157 | D:8      | Reached skill level 5 in Stealth
  9409 | D:8      | Noticed Joseph
  9799 | D:8      | Reached ***** piety under Vehumet
  9940 | D:8      | Offered knowledge of Orb of Destruction by Vehumet.
  9949 | D:8      | Learned a level 7 spell: Orb of Destruction
 10033 | D:8      | Killed Joseph
 10033 | D:8      | Reached XP level 11. HP: 41/58 MP: 0/29
 10420 | D:9      | Found a staircase to the Lair.
 11070 | D:10     | Entered Level 10 of the Dungeon
 11388 | D:10     | Reached skill level 13 in Spellcasting
 11539 | D:10     | Reached skill level 10 in Fire Magic
 12323 | D:10     | Learned a level 5 spell: Bolt of Magma
 12329 | D:10     | Learned a level 5 spell: Iskenderun's Battlesphere
 12389 | Lair:1   | Entered Level 1 of the Lair of Beasts
 12530 | Lair:1   | Reached skill level 1 in Earth Magic
 12933 | Lair:1   | Reached skill level 14 in Spellcasting
 13496 | Lair:1   | Reached skill level 10 in Conjurations
 13675 | Lair:2   | Offered knowledge of Bolt of Fire by Vehumet.
 13675 | Lair:2   | Reached XP level 12. HP: 64/64 MP: 23/32
 13948 | Lair:2   | Noticed a seven-headed hydra
 14039 | Lair:2   | Killed a seven-headed hydra
 14634 | Lair:2   | Found a staircase to the Shoals.
 15191 | Lair:3   | Reached skill level 15 in Spellcasting
 15307 | Lair:3   | Reached skill level 1 in Charms
 15355 | Lair:3   | Reached skill level 5 in Earth Magic
 15843 | Lair:3   | Found a shimmering altar of Xom.
 16722 | Lair:4   | Noticed a five-headed hydra
 16728 | Lair:5   | Noticed a six-headed hydra
 16733 | Lair:5   | Killed a six-headed hydra
 16823 | Lair:5   | Reached XP level 13. HP: 30/68 MP: 11/34
 16870 | Lair:5   | Found a labyrinth entrance.
 16877 | Lab      | Entered a labyrinth
 17754 | Lab      | Noticed a minotaur
 17758 | Lab      | Killed a minotaur
 17924 | Lair:5   | Found a staircase to the Slime Pits.
 18146 | Lair:5   | Learned a level 6 spell: Bolt of Fire
 18219 | Lair:6   | Entered Level 6 of the Lair of Beasts
 18669 | Lair:5   | Reached skill level 16 in Spellcasting
 20856 | Lair:6   | Noticed a dire elephant
 20861 | Lair:6   | Reached XP level 14. HP: 72/72 MP: 28/36
 21067 | Lair:6   | Reached skill level 17 in Spellcasting
 21726 | Lair:6   | Offered knowledge of Freezing Cloud by Vehumet.
 23158 | Lair:4   | You fall through a shaft!
 23266 | Lair:4   | Found a staircase to the Snake Pit.
 23438 | Lair:4   | Got a smoking glass ring
 23440 | Lair:4   | Identified the ring of the Leaf {+Inv rF- rC+ rN+ Str+8} (You found it on level 4 of the Lair of Beasts)
 23670 | Lair:1   | Identified a scroll of acquirement
 23672 | Lair:1   | Got a clouded tin ring
 23674 | Lair:1   | Identified the ring "Toch" {Fire rElec} (You acquired it on level 1 of the Lair of Beasts)
 23770 | D:6      | Bought a slimy morningstar for 207 gold pieces
 23770 | D:6      | Bought a scorched spear for 184 gold pieces
 23770 | D:6      | Identified the +9 morningstar of Theory {flame, MR- Int+3} (You bought it in a shop on level 6 of the Dungeon)
 23771 | D:6      | Identified the +7 spear of Accord {protect, *Contam +Fly rF+ Dex+9} (You bought it in a shop on level 6 of the Dungeon)
 23822 | D:6      | Gained mutation: You have sharp toenails. [mutagenic glow]
 24150 | D:11     | Noticed Grum
 24156 | D:11     | Killed Grum
 24346 | D:11     | Got a translucent leather armour
 24347 | D:11     | Identified the +3 leather armour of Plasticity {rF+ rC++} (You found it on level 11 of the Dungeon)
 24406 | D:11     | Reached skill level 18 in Spellcasting
 24605 | D:11     | Found Reahuer's Gadget Shop.
 25605 | D:12     | Offered knowledge of Lee's Rapid Deconstruction by Vehumet.
 25623 | D:12     | Reached ****** piety under Vehumet
 25679 | D:12     | Found a staircase to the Orcish Mines.
 25702 | D:12     | Found a roughly hewn altar of Beogh.
 25706 | D:12     | Reached XP level 15. HP: 77/77 MP: 30/39
 25937 | Orc:1    | Entered Level 1 of the Orcish Mines
 25941 | Orc:1    | Reached skill level 10 in Earth Magic
 26095 | D:13     | Found a flagged portal.
 26137 | Bailey   | Entered a bailey
 26551 | D:13     | Reached skill level 1 in Armour
 26584 | D:13     | Found a portal to a secret trove of treasure.
 26811 | D:13     | Found a gate to the Vaults.
 27029 | D:13     | Offered knowledge of Bolt of Cold by Vehumet.
 27030 | D:13     | Noticed Maurice
 27031 | D:13     | Killed Maurice
 28050 | Orc:1    | Noticed an orc warlord
 28546 | D:14     | Found a shimmering altar of Xom.
 28894 | Shoals:1 | Entered Level 1 of the Shoals
 29259 | Orc:1    | Found Zuityseqo's Weapon Boutique.
 29285 | Orc:1    | Killed an orc warlord
 29782 | Orc:2    | Entered Level 2 of the Orcish Mines
 29783 | Orc:2    | Reached skill level 19 in Spellcasting
 29830 | Orc:2    | Found a staircase to the Elven Halls.
 30051 | Orc:2    | Offered knowledge of Ozocubu's Refrigeration by Vehumet.
 30412 | Orc:2    | Found Gunossiy's Magic Scroll Shoppe.
 30412 | Orc:2    | Found Pokeff's Gadget Shop.
 30415 | Orc:2    | Found Vugeoram's Book Shoppe.
 30415 | Orc:2    | Found Tianoon's Book Shop.
 30729 | Orc:2    | Found a radiant altar of Vehumet.
 31113 | Orc:2    | Bought a book of Fire for 845 gold pieces
 31381 | Lair:1   | Learned a level 6 spell: Iron Shot
 31687 | Shoals:1 | Reached skill level 15 in Fire Magic
 32677 | Shoals:2 | Reached XP level 16. HP: 82/82 MP: 37/41
 32838 | Shoals:2 | Noticed Donald
 33056 | Shoals:2 | Killed Donald
 33362 | Shoals:3 | Noticed a kraken
 33368 | Shoals:3 | Killed a kraken
 34314 | Shoals:3 | Reached skill level 1 in Evocations
 34750 | Shoals:3 | Found Haneytai's Jewellery Shop.
 34755 | Shoals:3 | Bought the ring of Zyfu Tawk {rElec rPois SInv} for 597 gold pieces
 34774 | Shoals:3 | Got a sapphire dire flail
 34775 | Shoals:3 | Identified the cursed +1 dire flail "Acuudu" {freeze, *Slow rElec rF+ rC+} (You found it on level 3 of the Shoals)
 35108 | Shoals:4 | Entered Level 4 of the Shoals
 35125 | Shoals:4 | Offered knowledge of Poison Arrow by Vehumet.
 35132 | Shoals:4 | Reached skill level 20 in Spellcasting
 35132 | Shoals:4 | Reached skill level 15 in Conjurations
 35530 | Shoals:4 | Got a jet-encrusted scale mail
 35531 | Shoals:4 | Identified the cursed +0 scale mail "Mos Cesch" {+Fly MR+ rCorr} (You found it on level 4 of the Shoals)
 35803 | Shoals:4 | Got a smoking mace
 35804 | Shoals:4 | Identified the +1 mace of the Other Side {venom, rC+ Str+2} (You found it on level 4 of the Shoals)
 35981 | Shoals:4 | Noticed Ilsuiw
 36012 | Shoals:4 | Killed Ilsuiw
 36647 | Shoals:4 | Reached XP level 17. HP: 86/86 MP: 15/43
 36666 | Shoals:4 | Reached skill level 5 in Evocations
 36893 | Shoals:4 | Got a barnacled rune of Zot
 37421 | Snake:1  | Entered Level 1 of the Snake Pit
 39531 | Snake:3  | Offered knowledge of Lehudib's Crystal Spear by Vehumet.
 39531 | Snake:3  | Offered knowledge of Fire Storm by Vehumet.
 39531 | Snake:3  | Offered knowledge of Chain Lightning by Vehumet.
 39584 | Snake:3  | Reached skill level 21 in Spellcasting
 39817 | Snake:3  | Noticed Aizul
 39826 | Snake:3  | Killed Aizul
 40166 | Snake:3  | Noticed Vashnia
 41221 | Snake:4  | Entered Level 4 of the Snake Pit
 41221 | Snake:4  | Found an ancient bone altar of Kikubaaqudgha.
 41868 | Lair:1   | Learned a level 8 spell: Ignition
 43087 | Snake:4  | Reached XP level 18. HP: 92/92 MP: 29/45
 43423 | Lair:1   | Learned a level 7 spell: Orb of Destruction
 44056 | Snake:4  | Reached skill level 22 in Spellcasting
 44598 | Snake:4  | Got a serpentine rune of Zot
 45142 | Elf:1    | Entered Level 1 of the Elven Halls
 45238 | Elf:1    | Found a radiant altar of Vehumet.
 46712 | Elf:2    | Found Sonnoboc's Book Emporium.
 46951 | Elf:2    | Identified the Almanac of the Entourage
 47241 | Elf:2    | Found a runed gate.
 47255 | Elf:2    | Found a runed gate.
 47256 | Elf:2    | Found a runed gate.
 47292 | Elf:2    | Reached skill level 23 in Spellcasting
 47377 | Elf:2    | Reached XP level 19. HP: 96/96 MP: 38/48
 48519 | Elf:3    | Entered Level 3 of the Elven Halls
 49138 | Elf:3    | Got a steaming chain mail
 49161 | Elf:3    | Identified the cursed +0 chain mail of the Evening Star {rElec rN+} (You took it off a deep elf high priest on level 3 of the Elven Halls)
 49494 | Elf:3    | Reached skill level 15 in Earth Magic
 50064 | Elf:3    | Got a sparkling pewter ring
 50081 | Elf:3    | Reached skill level 24 in Spellcasting
 50220 | Elf:3    | Got a fine long sword {holy}
 50251 | Elf:3    | Got an encrusted long sword {flame}
 50269 | Elf:3    | Reached XP level 20. HP: 101/101 MP: 39/50
 50419 | Elf:3    | Identified Canenokh's Incunabulum of Helpful Conjuration
 50446 | Elf:3    | Identified the +5 long sword of Hoet {holy, MR++} (You took it off a deep elf sorcerer on level 3 of the Elven Halls)
 50447 | Elf:3    | Identified the cursed +1 long sword of Courage {flame, *Drain +Fly rF+ Dex+2} (You took it off a deep elf mage on level 3 of the Elven Halls)
 50452 | Elf:3    | Identified the ring of Nofap {rPois rC+ Dex+4} (You took it off a deep elf mage on level 3 of the Elven Halls)
 51042 | Vaults:1 | Entered Level 1 of the Vaults
 52532 | Vaults:1 | Slain by a vault warden

Vault maps used:
D:1:      lightli_arrival_windingriver
D:2:      uniq_robin
D:3:      overflow_temple_1_default, lemuel_crystal_altar, minmay_door_square
D:4:      dancing_weapons_uskayaw, minitemple, zin_statuary,
          portal_sewer_entry_e, kennysheep_cross_bottleneck, uniq_eustachio
D:5:      lemuel_castle_with_subvaults, kennysheep_mini, tso_oasis_becter,
          lightli_temple_of_fire, minmay_temple_entry_trees, first_bread
D:6:      kennysheep_little_box, serial_shops, shop, nicolae_shop_stone,
          nicolae_shop_overgrown_old_shop
D:7:      the_bakery
D:8:      lemuel_crystal_altar, nicolae_ru_the_path_less_chosen, uniq_joseph
D:9:      lair_entry_dummy, serial_glass, glass_columns_c, glass_columns_c,
          grunt_decor_arrowhead
D:10:     minmay_flawed_box
D:11:     serial_shops, nicolae_shop_behind_doors, uniq_grum
D:12:     minmay_orc_entry_temple_small, kennysheep_another_room
D:13:     statuecave_lemuel, david_vaults_1, enter_bailey_3, enter_trove_1,
          uniq_maurice
D:14:     minmay_guarded_unrand_sword_of_power,
          hangedman_abyss_or_decor_stagger, basic_altar
Temple:   compressed_dpeg_circular_temple
Lair:1:   minivault_23, zaba_anthole, grunt_megastairs_3
Lair:2:   minmay_shoals_entry_lonely_mermaid, infiniplex_staircase_pool,
          serial_bayou_shore_a, lemuel_fruit_tree
Lair:3:   basic_altar
Lair:4:   minmay_snake_entry_six_corridors, infiniplex_staircase_pool_2
Lair:5:   minmay_slime_entry_pillars, lab_entry_generic, beast_lair_carwin_2,
          lemuel_fruit_fields, serial_bayou_shore_b
Lair:6:   hangedman_lair_caniforms_friends, guppyfry_lair_end_dragon
Shoals:2: nicolae_shoals_dead_sea_scrolls, uniq_donald
Shoals:3: nicolae_shoals_c_island
Shoals:4: shoals_end_simple, shoals_ilsuiw_ice
Snake:2:  nicolae_snake_lava_pool, grunt_megastairs_1
Snake:3:  uniq_vashnia, uniq_aizul
Snake:4:  minmay_snake_end_coiled, basic_altar, spider_trap, st_stairs_7
Orc:1:    serial_shops, shop
Orc:2:    grunt_orc_tribal_feast, basic_altar
Elf:1:    eino_elf_arrival_altar, minivault_28
Elf:2:    serial_shops, shop_statue, minmay_elf_demonology
Elf:3:    minmay_elf_hall_curves
Vaults:1: v_misc_17, v_misc_28, nicolae_vaults_arrows, vaults_room_fancy_cross,
          nicolae_vaults_sealed_display, st_smaller_cells,
          nicolae_vaults_little_squares_3, v_misc_30, v_misc_12,
          vaults_room_door_hall, nicolae_vaults_little_squares_4
Lab:      labyrinth_watery, nicolae_lab_statue, nicolae_lab_plus,
          nicolae_lab_checkerboard, labyrinth_fake_exit, lab_statue
Sewer:    sewer_co_purgy_island
Bailey:   bailey_polearm_1, bailey

Skill      XL: |  1  2  3  4  5  6  7  8  9 10 11 12 13 14 15 16 17 18 19 |
---------------+----------------------------------------------------------+-----
Conjurations   | 2 3 4 5 7 8 10 11 12 13 14 15 16 17 18 | 18.9
Spellcasting   | 4 5 6 8 10 12 14 15 16 18 19 20 21 23 24 | 24.6
Throwing       | 1 2 3 4 |  4.0
Stealth        | 3 4 5 |  5.0
Fire Magic     | 4 5 6 8 9 10 12 13 14 15 16 17 18 | 18.5
Fighting       | 1 2 3 |  3.0
Dodging        | 3 4 5 6 7 |  7.4
Hexes          | 1 2 3 4 |  4.2
Short Blades   | 1 |  1.0
Long Blades    | 1 2 |  2.6
Earth Magic    | 3 5 8 9 11 12 13 15 | 15.8
Charms         | 1 2 3 |  3.3
Armour         | 2 3 |  3.2
Evocations     | 4 5 |  5.1
Unarmed Combat | |  0.1

Action                   |  1- 3 |  4- 6 |  7- 9 | 10-12 | 13-15 | 16-18 | 19-21 || total
-------------------------+-------+-------+-------+-------+-------+-------+-------++-------
Melee: Unarmed           |     4 |       |       |       |       |       |       ||     4
       Short sword       |       |       |    26 |       |       |       |       ||    26
       Falchion          |       |       |     6 |    23 |     2 |       |       ||    31
       Staff             |       |       |       |       |     1 |       |       ||     1
 Fire: Blowgun           |     1 |    27 |    26 |       |       |       |       ||    54
Throw: Throwing net      |       |       |       |       |       |     1 |       ||     1
 Cast: Flame Tongue      |    77 |    93 |   256 |   342 |   330 |    35 |     2 ||  1135
       Conjure Flame     |     1 |     4 |     7 |    14 |    13 |    10 |     1 ||    50
       Inner Flame       |     1 |     3 |     2 |    12 |    18 |     4 |     1 ||    41
       Sticky Flame      |       |       |    21 |    68 |    76 |    16 |     5 ||   186
       Fireball          |       |       |    10 |    60 |   270 |   493 |   169 ||  1002
       Bolt of Magma     |       |       |       |    35 |   102 |       |       ||   137
       Iskenderun's Batt |       |       |       |     9 |    25 |    11 |       ||    45
       Bolt of Fire      |       |       |       |       |    67 |    40 |    21 ||   128
       Iron Shot         |       |       |       |       |     3 |    82 |    67 ||   152
       Ignition          |       |       |       |       |       |     6 |     2 ||     8
 Abil: Evoke Invisibilit |       |       |       |       |     2 |    10 |       ||    12
       Evoke Flight      |       |       |       |       |       |     2 |       ||     2
Evoke: Wand              |       |       |       |       |     3 |       |       ||     3
  Use: Potion            |     2 |     1 |     1 |     1 |     4 |     9 |       ||    18
       Scroll            |       |     5 |    10 |    17 |    19 |    17 |    12 ||    80
 Stab: Distracted        |       |       |     1 |     1 |       |       |       ||     2
       Paralysed         |       |       |       |       |     2 |       |       ||     2
  Eat: Chunk             |     1 |     9 |    19 |    35 |    51 |    32 |    13 ||   160
       Fruit             |       |       |     2 |     2 |     6 |     7 |     1 ||    18
       Bread ration      |       |       |       |       |     1 |       |       ||     1
       Meat ration       |       |       |       |       |       |     3 |       ||     3
       Royal jelly       |       |       |       |       |       |       |     1 ||     1
Armor: Robe              |     5 |     6 |    15 |    29 |     7 |     1 |     1 ||    64
       Leather armour    |       |       |       |       |    34 |    24 |     4 ||    62
       Steam dragon scal |       |       |       |       |     9 |       |       ||     9
Dodge: Dodged            |    32 |    31 |    70 |   137 |   165 |    92 |    17 ||   544
Block: Other             |       |     1 |    23 |    30 |    38 |    24 |     8 ||   124
       Rpst.: Falchion   |       |       |     6 |    42 |     6 |       |       ||    54
